Map: Pylon LE

Players

colos - Winner!

  • Race: Zerg Zerg
  • League: Platinum
  • Spawn Location: 5:00

Alaska

  • Race: Terran Terran
  • League: Master
  • Spawn Location: 11:00

VOD

Have the link to the VOD?

Description

Time

  • Played on: June 20, 2025, 1:37 p.m.
  • Length: 6:15
Show
View Real Time Build Order
Export as new Build Order

colos Zerg - Winner!

Build Orders: Hatch First 

Get SALT Encoding   

  12  0:01  Drone  
  13  0:09  Drone  
  14  0:15  Extractor  
  14  0:16  Drone  
  15  0:37  Hatchery  
  15  0:42  Drone, Extractor  
  15  0:56  Spawning Pool  
  14  1:02  Overlord  
  14  1:08  Extractor  
  14  1:09  Drone  
  15  1:23  Extractor  
  14  1:26  Drone x3  
  17  1:39  Drone  
  18  1:44  Queen  
  20  1:49  Queen  
  20  1:53  Zergling x2  
  23  2:01  Drone x2  
  23  2:07  Overlord  
  25  2:14  Drone  
  25  2:15  Drone  
  26  2:31  Lair  
  26  2:34  Drone x3  
  29  2:41  Drone  
  29  2:43  Overlord  
  30  2:49  Drone  
  31  2:53  Extractor  
  30  3:00  Zergling x6  
  30  3:05  Drone x2  
  34  3:06  Drone  
  34  3:10  Drone x2  
  38  3:13  Drone  
  38  3:14  Extractor  
  38  3:15  Drone  
  39  3:21  Drone  
  39  3:26  Evolution Chamber  
  39  3:30  Drone, Roach Warren  
  39  3:32  Drone  
  40  3:44  Metabolic Boost  
  40  3:46  Drone x2  
  40  3:47  Drone  
  43  3:49  Drone  
  43  3:50  Overlord  
  44  4:03  Evolution Chamber  
  44  4:06  Zerg Missile Weapons Level 1  
  44  4:08  Queen  
  45  4:10  Overlord  
  45  4:22  Drone  
  45  4:23  Drone x3  
  49  4:25  Drone x2  
  49  4:28  Roach  
  49  4:29  Glial Reconstitution  
  49  4:31  Overlord  
  53  4:32  Roach x2  
  57  4:41  Roach  
  59  4:51  Roach  
  59  4:52  Roach  
  63  5:02  Roach  
  63  5:03  Roach  
  63  5:05  Ravager  
  63  5:06  Overlord x2  
  68  5:18  Overlord x2  
  68  5:19  Hatchery  
  67  5:29  Roach x6  
  79  5:38  Drone  
  79  5:39  Drone, Extractor  
  78  5:50  Spore Crawler  
  78  5:52  Spore Crawler  
  76  5:58  Drone  
  76  5:59  Drone x3  
  76  6:00  Drone x3  
  83  6:11  Ravager x3  
  86  6:12  Ravager x2  
Show
View Real Time Build Order
Export as new Build Order

Alaska Terran 

Build Orders: Reaper Expand, Hellion Banshee 

Get SALT Encoding   

  12  0:00  SCV  
  13  0:12  SCV  
  14  0:17  Supply Depot  
  14  0:24  SCV  
  15  0:38  SCV  
  15  0:40  Barracks  
  16  0:44  Refinery  
  16  0:50  SCV  
  17  1:03  SCV  
  18  1:15  SCV  
  19  1:28  Reaper  
  19  1:29  Orbital Command  
  20  1:48  Command Center  
  20  1:56  Command Center  
  20  2:00  Marine  
  21  2:02  Supply Depot  
  21  2:06  SCV  
  22  2:15  Factory  
  22  2:39  Barracks Reactor  
  22  2:42  SCV  
  22  2:55  SCV  
  22  3:01  Starport  
  22  3:06  Refinery  
  22  3:07  SCV  
  22  3:11  Orbital Command  
  23  3:19  SCV  
  24  3:24  Barracks Tech Lab, Hellion x2  
  28  3:31  SCV  
  29  3:34  Orbital Command  
  29  3:46  Hellion x2  
  33  3:54  SCV  
  34  4:01  Barracks  
  34  4:06  SCV  
  34  4:07  Barracks, Barracks Tech Lab, SCV, Hellion x2  
  40  4:17  Banshee  
  40  4:19  SCV x2  
  45  4:31  SCV  
  46  4:33  Supply Depot  
  46  4:36  Supply Depot  
  46  4:54  SCV x2, Marine  
  49  5:02  Supply Depot, Bunker  
  49  5:05  Barracks Reactor x2  
  49  5:06  SCV x2  
  51  5:07  Banshee  
  51  5:08  Bunker  
  51  5:12  Marine  
  55  5:18  SCV x2, Factory Tech Lab  
  57  5:27  Supply Depot  
  57  5:30  SCV x2  
  57  5:31  Marine  
  57  5:34  Supply Depot  
  60  5:36  Supply Depot  
  60  5:52  Marine x4  
  60  5:53  Marine  
  71  6:10  Refinery  
  74  6:13  Refinery  
Tags
 
Add a new tag
Caveats
  • Supply blocks, unpowered buildings, or Contaminate may cause inaccurate times.
  • Supply counts are checked every 10 seconds.